 Dungeon Crawl Stone Soup version 0.28-a0-1143-gcf6077d4cc (webtiles) character file.

Game seed: 7242629437430534131

44 ducksouse the Poker (level 3, -1/27 HPs)
             Began as a Demonspawn Gladiator on Dec 13, 2021.
             Was a Follower of Okawaru.
             Succumbed to a scorpion's poison
             ... on level 3 of the Dungeon.
             The game lasted 00:04:18 (1228 turns).

ducksouse the Poker (Demonspawn Gladiator)          Turns: 1228, Time: 00:04:18

Health: -1/27      AC:  5    Str: 14    XL:     3   Next: 41%
Magic:  3/3        EV: 12    Int: 15    God:    Okawaru [*.....]
Gold:   83         SH:  0    Dex: 16    Spells: 2/2 levels left

rFire   . . .      SeeInvis .   n - +3 dagger
rCold   . . .      Faith    .   (no shield)
rNeg    . . .      Spirit   .   b - +1 leather armour
rPois   .          Reflect  .   c - +0 helmet
rElec   .          Harm     .   (no cloak)
rCorr   .          Rampage  .   (no gloves)
Will    .....                   (no boots)
Stlth   +.........              (no amulet)
HPRegen 0.09/turn               o - +6 ring of intelligence
MPRegen 0.08/turn               (no ring)

@: lethally poisoned (-1 -> -16)
A: spiny 1
a: Renounce Religion, Heroism


You were on level 3 of the Dungeon.
You worshipped Okawaru.
Okawaru was aware of your devotion.
You visited 1 branch of the dungeon, and saw 3 of its levels.

You collected 83 gold pieces.

Inventory:

Hand Weapons
 a - a +0 trident
 n - a +3 dagger (weapon)
Armour
 b - a +1 leather armour (worn)
 c - a +0 helmet (worn)
Jewellery
 o - a +6 ring of intelligence (left hand)
Scrolls
 e - 2 scrolls of immolation
 g - 2 scrolls of teleportation
 l - a scroll of fear {unknown}
 m - a scroll of acquirement {unknown}
Potions
 f - a potion of magic {unknown}
 i - a potion of haste {unknown}
 k - 2 potions of lignification


   Skills:
 + Level 2.1 Fighting
 + Level 3.3 Polearms
 + Level 2.0 Throwing
 + Level 0.6 Armour
 + Level 3.0 Dodging
 + Level 0.3 Stealth


You had 2 spell levels left.
You didn't know any spells.
Your spell library contained the following spells:

 Spells                   Type           Power      Damage    Failure   Level
 Frozen Ramparts          Ice            0%         1d2       71%         3
 Ice Form                 Ice/Tmut       0%         N/A       98%         4
 Summon Ice Beast         Ice/Summ       Unusable   N/A       N/A         4

Dungeon Overview and Level Annotations

Branches:
Dungeon (3/15)

Altars:
Okawaru


Innate Abilities, Weirdness & Mutations

You are partially covered in sharp spines.


Message History

Press: ? - help, Q - select action, (/) - cycle Shift-Dir - straight line, f - scorpion
Aim: a scorpion (62% to hit)
You throw a throwing net. The throwing net hits the scorpion.
The scorpion is caught in the net!
The scorpion struggles against the net.
The scorpion struggles against the net.
The helpless rat fails to defend itself.
You hit the rat.
You kill the rat!
Okawaru accepts your kill.
The scorpion struggles against the net.
The scorpion struggles against the net.
You hit the scorpion.
The scorpion is moderately wounded.
The scorpion struggles against the net. x2
The net rips apart, and the scorpion comes free!
You hit the scorpion.
The scorpion is heavily wounded.
The scorpion stings you.
You are poisoned.
The scorpion poisons you!
You hit the scorpion.
The scorpion is heavily wounded.
You feel very sick. The scorpion is struck by your spines.
The scorpion stings you!
You are lethally poisoned!
The scorpion poisons you!
You closely miss the scorpion.
The scorpion is severely wounded.
* * * LOW HITPOINT WARNING * * *
You feel very sick. The scorpion barely misses you.
You hit the scorpion.
The scorpion is severely wounded.
* * * LOW HITPOINT WARNING * * *
You feel very sick. The scorpion closely misses you.
You hit the scorpion.
The scorpion is almost dead.
You die...

#.# ...
#.# #..
#.# #.#
#<#
#.#######
#@†.....#
#s#####.#
#.# #.#
..# ###


You could see a scorpion.

Vanquished Creatures
  A worm (D:2)
  An orc (D:2)
  6 ball pythons
  3 endoplasms
  3 goblins
  5 hobgoblins
  2 jackals (D:1)
  7 kobolds
  A quokka (D:2)
  3 bats
  3 frilled lizards
  2 rats
37 creatures vanquished.

Notes
Turn   | Place    | Note
-------+----------+-------------------------------------------
     0 | D:1      | ducksouse the Demonspawn Gladiator began the quest for the
                  | Orb.
     0 | D:1      | Reached XP level 1. HP: 16/16 MP: 1/1
    88 | D:1      | Gained mutation: You are partially covered in sharp spines.
                  | [demonic ancestry]
    88 | D:1      | Reached XP level 2. HP: 18/22 MP: 2/2
   684 | D:2      | Reached XP level 3. HP: 26/27 MP: 3/3
   829 | D:2      | Found a faded altar of an unknown god.
   829 | D:2      | Noticed a shining eye
   832 | D:2      | Noticed a floating eye
   841 | D:2      | Noticed an eye of devastation
   847 | D:2      | Noticed a floating eye
   852 | D:2      | Prayed at the altar of an unknown god.
   852 | D:2      | Became a worshipper of Warmaster Okawaru
   852 | D:2      | Reached * piety under Okawaru
  1218 | D:3      | Noticed a scorpion
  1228 | D:3      | Succumbed to a scorpion's poison

Illustrated notes

Levels and vault maps discovered:
D:1:      ebering_trefoil_3fold, layout_rooms, serial_glass, glass_columns_a,
          glass_columns_c, kennysheep_decorative_pillar, kennysheep_minor_cross
D:2:      minmay_chambers_of_ones, layout_basic,
          hellmonk_ecumenical_altar_watching_god
D:3:      layout_loops_ring, grunt_temple_overflow_open, uniq_grinder,
          uniq_sigmund, uniq_natasha

Skill      XL: |  1  2 |
---------------+-------+-----
Polearms       | 3 |  3.3
Throwing       | 2 |  2.0
Dodging        | 3 |  3.0
Fighting       | |  2.1
Armour         | |  0.6
Stealth        | |  0.3

Action                   || total
-------------------------++-------
Melee: Trident           ||    53
       Dagger            ||    20
Throw: Throwing net      ||     4
  Use: Scroll            ||     5
 Stab: Sleeping          ||     3
       Held in net/web   ||     1
Armor: Leather armour    ||    13
Dodge: Dodged            ||    25

Table legend: (Time is in decaauts)
 A = Elapsed time spent in this place.
 B = Non-inter-level travel time spent in this place.
 C = Inter-level travel time spent in this place.
 D = Time resting spent in this place.
 E = Time spent auto-exploring this place.
 F = Levels seen in this place.
 G = Mean time per level.
                   A        B        C        D        E       F      G
               +--------+--------+--------+--------+--------+-----+--------+
         Total |   1233 |   1089 |    144 |      0 |    828 |   3 |  411.0 |
       Dungeon |   1233 |   1089 |    144 |      0 |    828 |   3 |  411.0 |
               +--------+--------+--------+--------+--------+-----+--------+

Top non-repeatable levels by time:
     D:2: 673 daAuts
     D:1: 550 daAuts
     D:3: 9 daAuts
